 Dungeon Crawl Stone Soup version 0.30-a0-354-g6b83867211 (webtiles) character file.

Game seed: 13356645926163000028

171 quakins the Cudgeller (level 5, -2/38 (43) HPs)
             Began as an Armataur Warper on Nov 7, 2022.
             Was an Initiate of Okawaru.
             Slain by a wight
             ... wielding a +4 flail of freezing
              (6 damage)
             ... on level 4 of the Dungeon.
             The game lasted 00:03:25 (2866 turns).

quakins the Cudgeller (Armataur Warper)             Turns: 2866, Time: 00:03:25

HP:   -2/38 (43)    AC:  4    Str: 18    XL:     5   Next: 26%
MP:   7/7           EV:  9    Int: 13    God:    Okawaru [......]
Gold: 112           SH:  0    Dex: 10    Spells: 5/7 levels left

rFire   . . .      SeeInvis .    a - +0 mace
rCold   . . .      Faith    .    (no shield)
rNeg    . . .      Spirit   .    b - +0 leather armour
rPois   .          Reflect  .    (no helmet)
rElec   .          Harm     .    (no cloak)
rCorr   .          Roll     +    (no gloves)
Will    .....                    (no barding)
Stlth   +.........               (no amulet)
HPRegen 0.26/turn                (no ring)
MPRegen 0.10/turn                (no ring)

@: heavily drained
A: large, rugged brown scales 3, deformed body, armoured tail, roll, long
tongue, awkward tongue
a: Renounce Religion


You were on level 4 of the Dungeon.
You worshipped Okawaru.
Okawaru was noncommittal.
You visited 1 branch of the dungeon, and saw 4 of its levels.

You collected 112 gold pieces.

Inventory:

Hand Weapons
 a - a +0 mace (weapon)
Missiles
 d - 7 boomerangs of dispersal (quivered)
Armour
 b - a +0 leather armour (worn)
Wands
 w - a wand of acid (9)
Scrolls
 c - a scroll of blinking
 h - a scroll of amnesia {unknown}
 j - 4 scrolls of enchant armour {unknown}
 k - a scroll of enchant weapon {unknown}
 p - 4 scrolls of identify {unknown}
 q - a scroll of noise {unknown}
 r - a scroll of brand weapon {unknown}
 s - a scroll of teleportation {unknown}
 u - a scroll of butterflies {unknown}
 v - a scroll of fear {unknown}
Potions
 e - 7 potions of curing {unknown}
 f - a potion of mutation {unknown}
 g - 2 potions of heal wounds {unknown}
 i - a potion of invisibility {unknown}
 l - 2 potions of might {unknown}
 m - 2 potions of brilliance {unknown}
 n - 2 potions of lignification {unknown}
 o - 2 potions of resistance {unknown}
 t - a potion of cancellation {unknown}
 x - a potion of degeneration {unknown}


   Skills:
 - Level 1.7 Fighting
 + Level 5.1 Maces & Flails
 - Level 0.8 Throwing
 - Level 1.2 Armour
 - Level 1.3 Dodging
 - Level 1.7 Spellcasting
 - Level 3.0 Translocations


You had 5 spell levels left.
You knew the following spells:

 Your Spells              Type           Power      Damage    Failure   Level
a - Blink                 Tloc           16%        N/A       14%         2

Your spell library contained the following spells:

 Spells                   Type           Power      Damage    Failure   Level
 Lesser Beckoning         Tloc           16%        N/A       26%         3
 Teleport Other           Tloc           8%         N/A       26%         3
 Vhi's Electric Charge    Tloc/Air       10%        N/A       45%         3
 Manifold Assault         Tloc           8%         N/A       65%         4
 Passage of Golubria      Tloc           8%         N/A       65%         4
 Yara's Violent Unravell  Hex/Tmut       0%         3d3       100%        5
 Tukima's Dance           Hex            Unusable   N/A       N/A         3

Dungeon Overview and Level Annotations

Branches:
Dungeon (4/15)             Temple (0/1) D:4

Altars:
Hepliaklqana
Okawaru
Qazlal
Xom

Shops:
D:2 *


Innate Abilities, Weirdness & Mutations

You are completely covered in rugged brown scales. (AC +3, +7% HP)
Armour fits poorly on your strangely shaped body.
You have a long armoured tail.
You roll when moving toward enemies. (Rampage)
Your long tongue fully drains potion bottles. (2x potion effects)
Your tongue gives you trouble enunciating. (1.5x scroll delay)


Message History

You see here a sedimented grey potion.
e - 7 sedimented grey potions (gained 1)
You roll towards the hound!
You closely miss the hound. The hound barely misses you.
You hit the hound.
The hound is moderately wounded.
The hound bites you. The hound bites you but does no damage.
You closely miss the hound. You tail-slap the hound.
The hound is severely wounded.
The hound bites you but does no damage. The hound barely misses you.
You closely miss the hound. You tail-slap the hound.
You kill the hound!
Okawaru accepts your kill.
Your Maces & Flails skill increases to level 5!
You see here a hound corpse.
Found a stone staircase leading down.
There is a stone staircase leading down here.
Found a robe.
Found a hazy altar of Hepliaklqana.
x - a sedimented yellow potion A wight comes into view.
It is wielding a +4 flail of freezing.
A wight is nearby!
A wight is nearby!
A wight is nearby!
The wight hits you with a +4 flail of freezing.
You feel drained. The wight freezes you.
You barely miss the wight.
The wight hits you with a +4 flail of freezing!
You feel drained. The wight freezes you.
You hit the wight but do no damage. Your punch misses the wight.
The wight hits you with a +4 flail of freezing.
The wight freezes you.
You hit the wight but do no damage. The wight misses you.
You hit the wight.
The wight is lightly damaged.
The wight hits you with a +4 flail of freezing!
* * * LOW HITPOINT WARNING * * *
You feel drained.
* * * LOW HITPOINT WARNING * * *
The wight freezes you.
You die...

..... ..... ...##...#...#..
....... ....#..........
....... ..............#
....... ..............#
....... .............#
......................#
#...............z...# ##
................@...#..####
................#...#.....#
.........##.....#....P.....
.........#.................
.#.#..........##......P.PPP
######.........#..##§_..P..
#...#.#....#....§....##
#####...###...###..§§§...#
.##....## #....###.§.#....#


You could see a wight.

Vanquished Creatures
  A hound (D:4)
  A hound zombie (D:2)
  4 adders
  A white imp (D:4)
  4 adder skeletons (D:2)
  2 adder zombies (D:2)
  A worm (D:3)
  2 dart slugs
  An orc (D:4)
  2 bat skeletons (D:2)
  A bat zombie (D:2)
  5 endoplasms
  4 giant cockroaches (D:2)
  5 goblins
  A hobgoblin (D:2)
  A jackal (D:3)
  2 quokkas
  5 ball pythons
  4 ball python skeletons (D:2)
  A ball python zombie (D:2)
  5 bats
  2 frilled lizards
  A jackal skeleton (D:2)
  A kobold (D:1)
  2 quokka skeletons (D:2)
  A quokka zombie (D:2)
  4 rats
64 creatures vanquished.

Vanquished Creatures (others)
  6 plants (D:4)
6 creatures vanquished.

Grand Total: 70 creatures vanquished

Notes
Turn   | Place    | Note
-------+----------+-------------------------------------------
     0 | D:1      | quakins the Armataur Warper began the quest for the Orb.
     0 | D:1      | Reached XP level 1. HP: 18/18 MP: 3/3
   107 | D:1      | Reached skill level 2 in Maces & Flails
   522 | D:1      | Reached XP level 2. HP: 25/25 MP: 4/4
   924 | D:2      | Reached skill level 3 in Maces & Flails
   924 | D:2      | Reached XP level 3. HP: 23/31 MP: 5/5
  1038 | D:2      | Found a shimmering altar of Xom.
  1373 | D:2      | Reached XP level 4. HP: 36/38 MP: 6/6
  1385 | D:2      | Reached skill level 4 in Maces & Flails
  1526 | D:2      | Found Ipaqusego's General Store.
  1933 | D:3      | Learned a level 2 spell: Blink
  2124 | D:3      | Found an iron altar of Okawaru.
  2279 | D:3      | Found a stormy altar of Qazlal.
  2333 | D:3      | Became a worshipper of Warmaster Okawaru
  2669 | D:4      | Found a staircase to the Ecumenical Temple.
  2728 | D:4      | Reached XP level 5. HP: 34/43 MP: 7/7
  2815 | D:4      | Reached skill level 5 in Maces & Flails
  2849 | D:4      | Found a hazy altar of Hepliaklqana.
  2866 | D:4      | Slain by a wight

Illustrated notes

Levels and vault maps discovered:
D:1:      pf_arrival_petrified_forest, layout_basic, serial_bayou_lagoon_a
D:2:      layout_basic, serial_shops, nicolae_shop_hallway_stairs,
          serial_undead, serial_undead_f, serial_undead_d, serial_undead_a,
          serial_undead_e, serial_undead_f, serial_undead_e, serial_undead_b,
          serial_undead_b, serial_undead_f, serial_undead_d, basic_altar
D:3:      layout_basic, grunt_qazlal_clouds, mainiacjoe_overflow_paths,
          item_on_display_a
D:4:      layout_cave_pools, nicolae_hepliaklqana_hazy_memory,
          minmay_temple_entry_slanted, serial_bayou_crossing

Skill      XL: |  1  2  3  4  5 |
---------------+----------------+-----
Maces & Flails | 2 3 4 5 |  5.1
Fighting       | |  1.7
Throwing       | |  0.8
Armour         | |  1.2
Dodging        | |  1.3
Spellcasting   | |  1.7
Translocations | |  3.0

Action                   |  1- 3 |  4- 6 || total
-------------------------+-------+-------++-------
Melee: Mace              |    98 |   119 ||   217
       Tailslap          |    11 |    13 ||    24
       Punch             |       |     1 ||     1
Armor: Leather armour    |    49 |    70 ||   119
Dodge: Dodged            |    68 |    79 ||   147

Table legend: (Time is in decaauts)
 A = Elapsed time spent in this place.
 B = Non-inter-level travel time spent in this place.
 C = Inter-level travel time spent in this place.
 D = Time resting spent in this place.
 E = Time spent auto-exploring this place.
 F = Levels seen in this place.
 G = Mean time per level.
                   A        B        C        D        E       F      G
               +--------+--------+--------+--------+--------+-----+--------+
         Total |   2920 |   2793 |    127 |      0 |   2278 |   4 |  730.0 |
       Dungeon |   2920 |   2793 |    127 |      0 |   2278 |   4 |  730.0 |
               +--------+--------+--------+--------+--------+-----+--------+

Top non-repeatable levels by time:
     D:2: 925 daAuts
     D:1: 899 daAuts
     D:3: 819 daAuts
     D:4: 276 daAuts
